AoeStats
← Blights

Fortress

510212783Analyzed
4v4 RM · 3d ago on Sep 30, 2026· 22m 44s· 8 players
Game mode
Random Map
Map size
Huge
Population
200
Speed
Normal
Resources
Standard
Victory
Conquest
Starting age
Dark Age
Ending age
Imperial Age
RankedLock teamsTeams togetherTeam positionsShared explorationLock speedFull tech treeHidden civsTurbo modeCheats
Victory
Defeat
🇵🇪 Byzantines · Peru
632
+16
🇬🇧 Khmer · United Kingdom
605
+17
🇨🇱 Malay · Chile
464
+23
🇨🇳 Portuguese · China
385
+26
🇲🇽 Persians · Mexico
664
-22
🇨🇦 Romans · Canada
640
-21
🇬🇧 Saracens · United Kingdom
632
-21
🇨🇦 Turks · Canada
547
-18
Blights
0:41 Loom
9:19 Feudal Age
13:43 Castle Age
11:38 Gold Mining
11:35 Double-Bit Axe
11:33 Horse Collar
14:48 Forging
15:49 Bow Saw
15:44 Heavy Plow
16:54 Scale Barding Armor
19:08 Bloodlines
20:23 Husbandry
TORRES
9:48 Feudal Age
10:19 Double-Bit Axe
10:17 Horse Collar
10:32 Gold Mining
11:23 Wheelbarrow
16:32 Castle Age
14:37 Stone Mining
17:25 Forging
17:05 Fletching
17:41 Pikeman
18:23 Squires
18:09 Arson
19:08 Bow Saw
19:02 Heavy Plow
20:31 Elite Skirmisher
21:49 Hand Cart
21:34 Bodkin Arrow
22:17 Stone Shaft Mining
22:24 Padded Archer Armor
全力释放
0:45 Loom
9:24 Feudal Age
15:23 Castle Age
13:26 Horse Collar
13:33 Double-Bit Axe
13:41 Gold Mining
13:43 Stone Mining
16:13 Wheelbarrow
15:49 Padded Archer Armor
15:40 Fletching
16:39 Town Watch
19:29 Town Patrol
19:53 Hand Cart
maximo.cmd
1:22 Loom
10:07 Feudal Age
9:50 Double-Bit Axe
9:49 Horse Collar
12:07 Wheelbarrow
12:22 Man-at-Arms
12:48 Arson
17:42 Gold Mining
17:43 Stone Mining
TwoMazatl
2:48 Loom
10:24 Feudal Age
17:03 Castle Age
15:25 Double-Bit Axe
15:38 Horse Collar
15:54 Gold Mining
16:15 Stone Mining
17:40 Wheelbarrow
24:16 Imperial Age
22:55 Bow Saw
tester78546
1:55 Loom
9:21 Feudal Age
10:18 Stone Mining
10:20 Gold Mining
10:20 Double-Bit Axe
11:34 Town Watch
13:35 Man-at-Arms
14:29 Horse Collar
15:39 Forging
19:00 Castle Age
18:37 Scale Barding Armor
19:21 Scale Mail Armor
20:48 Wheelbarrow
Loud Ventrilloquist
0:32 Loom
9:54 Feudal Age
10:23 Double-Bit Axe
10:25 Horse Collar
15:42 Castle Age
15:50 Stone Mining
17:55 Bow Saw
19:35 Heavy Plow
22:11 Fortified Wall
21:58 Murder Holes
22:23 Ballistics
I DeathSinger I
12:09 Feudal Age
12:59 Horse Collar
13:22 Double-Bit Axe
15:47 Stone Mining
15:56 Gold Mining
20:09 Castle Age
21:45 Heavy Plow
22:00 Bow Saw
Connection lost

Rejoining the realm…

Still unreachable

The connection could not be restored.

Session expired

The server has moved on; the page needs a fresh start.